Map: Acólito LE

Players

TheZergLord

  • Race: Zerg Zerg
  • League: Grandmaster
  • Spawn Location: 1:00

BolinhoFofo - Winner!

  • Race: Protoss Protoss
  • League: Diamond
  • Spawn Location: 7:00

Event: BotH

VOD

Have the link to the VOD?

Description

Time

  • Played on: Aug. 19, 2017, 7:29 p.m.
  • Length: 12:42

All games in this series

Show
View Real Time Build Order
Export as new Build Order

TheZergLord Zerg 

Build Orders: Hatch First, Lurkers 

Get SALT Encoding   

  12  0:00  Drone  
  13  0:13  Overlord  
  13  0:17  Drone  
  14  0:32  Drone x2  
  14  0:35  Drone  
  17  0:53  Hatchery  
  17  0:56  Drone  
  17  0:59  Drone  
  18  1:10  Extractor  
  17  1:14  Spawning Pool  
  17  1:17  Drone  
  17  1:21  Drone  
  18  1:28  Drone  
  19  1:41  Drone  
  20  1:50  Hatchery  
  20  1:54  Drone  
  20  2:05  Queen  
  20  2:06  Zergling x2  
  23  2:12  Metabolic Boost  
  23  2:16  Drone  
  23  2:18  Drone  
  25  2:25  Overlord  
  25  2:28  Drone  
  26  2:32  Drone  
  26  2:34  Drone  
  28  2:43  Queen  
  30  2:49  Pneumatized Carapace  
  30  2:52  Zergling x2  
  30  2:54  Zergling x2  
  32  3:00  Drone  
  32  3:02  Drone x2  
  35  3:08  Queen  
  37  3:19  Drone, Overlord  
  38  3:20  Drone x2  
  38  3:22  Drone  
  41  3:33  Spore Crawler, Drone  
  41  3:34  Drone x2  
  42  3:38  Drone x2  
  42  3:39  Drone x2  
  46  3:42  Overlord  
  46  3:46  Drone x2  
  48  3:53  Drone  
  49  4:04  Overlord  
  49  4:07  Drone x5  
  54  4:10  Extractor  
  54  4:13  Overlord  
  53  4:18  Overlord  
  53  4:19  Queen  
  53  4:20  Drone, Overlord x2  
  53  4:21  Overlord  
  56  4:27  Roach Warren  
  56  4:30  Evolution Chamber  
  54  4:32  Zergling x8  
  54  4:33  Zergling x2  
  54  4:38  Lair  
  59  4:40  Zergling x4  
  59  4:41  Zergling x2  
  62  4:49  Zergling x10  
  62  4:50  Zergling x2  
  68  4:56  Spore Crawler  
  67  5:01  Spore Crawler  
  67  5:03  Spore Crawler  
  65  5:09  Spore Crawler, Roach x2  
  65  5:10  Roach x3  
  65  5:12  Spore Crawler  
  75  5:23  Overlord  
  75  5:25  Roach x3  
  75  5:27  Drone x5  
  75  5:28  Drone x2  
  88  5:30  Zerg Missile Weapons Level 1  
  85  5:42  Drone  
  85  5:43  Drone x4  
  85  5:49  Drone  
  90  5:50  Glial Reconstitution, Drone x4  
  87  5:57  Drone x2  
  89  6:04  Extractor  
  89  6:05  Extractor, Drone x2  
  89  6:06  Hydralisk Den  
  89  6:09  Extractor x2, Overlord x2  
  86  6:13  Overseer  
  84  6:20  Drone x2  
  84  6:23  Drone x3  
  87  6:29  Drone x2  
  87  6:30  Drone  
  90  6:35  Hydralisk  
  90  6:36  Hydralisk, Muscular Augments  
  90  6:37  Zergling x4  
  96  6:45  Drone  
  97  6:50  Drone  
  97  6:51  Hatchery  
  97  6:53  Drone x5  
  98  6:56  Hydralisk  
  98  6:57  Hydralisk  
  98  7:00  Hydralisk  
  104  7:04  Hydralisk x3  
  110  7:08  Hydralisk  
  110  7:09  Hydralisk x4  
  110  7:13  Queen  
  122  7:16  Hydralisk x2  
  122  7:17  Zergling x4  
  128  7:38  Overlord x6  
  128  7:45  Zerg Missile Weapons Level 2  
  128  7:47  Overseer  
  128  7:49  Lurker Den  
  126  8:01  Overlord x3  
  126  8:03  Hydralisk x6  
  138  8:08  Overseer  
  138  8:18  Hydralisk x2, Overlord  
  138  8:19  Hydralisk x2  
  146  8:21  Roach x3  
  146  8:23  Roach  
  154  8:39  Queen  
  154  8:40  Drone x3  
  154  8:41  Drone x4  
  159  8:42  Drone  
  160  9:00  Roach x2  
  160  9:01  Roach x10  
  184  9:19  Roach x5  
  190  9:35  Hatchery  
  190  9:36  Hydralisk x2  
  190  9:37  Hydralisk x3  
  199  9:42  Spire  
  186  10:14  Lurker  
  186  10:15  Lurker x5  
  192  10:27  Extractor, Drone x5  
  192  10:28  Extractor  
  186  10:41  Hydralisk x6  
  186  10:42  Hydralisk  
  163  11:28  Hydralisk x5  
  163  11:29  Hydralisk x14  
  185  11:56  Queen, Overlord x2  
  153  12:12  Mutalisk  
  153  12:13  Mutalisk x5  
  161  12:15  Zergling x2  
  161  12:16  Zergling x16  
Show
View Real Time Build Order
Export as new Build Order

BolinhoFofo Protoss - Winner!

Build Orders: 1 Gate Expand, Zealot Archon 

Get SALT Encoding   

  12  0:01  Probe (Chrono Boost)  
  13  0:11  Probe (Chrono Boost)  
  14  0:17  Pylon  
  14  0:22  Probe (Chrono Boost)  
  16  0:35  Probe (Chrono Boost)  
  16  0:38  Gateway  
  16  0:46  Probe (Chrono Boost)  
  16  0:47  Assimilator  
  17  0:56  Probe (Chrono Boost)  
  18  1:07  Probe (Chrono Boost)  
  19  1:21  Nexus  
  19  1:24  Probe (Chrono Boost)  
  20  1:36  Probe (Chrono Boost), Cybernetics Core  
  21  1:42  Assimilator  
  22  1:47  Probe (Chrono Boost)  
  22  1:53  Pylon  
  22  1:57  Probe (Chrono Boost)  
  23  2:11  Probe (Chrono Boost)  
  23  2:13  Warp Gate (Chrono Boost), Adept (Chrono Boost)  
  26  2:22  Probe (Chrono Boost)  
  27  2:24  Twilight Council  
  27  2:33  Probe (Chrono Boost)  
  28  2:39  Mothership Core (Chrono Boost)  
  28  2:43  Adept  
  28  2:44  Probe (Chrono Boost)  
  33  2:54  Probe (Chrono Boost)  
  33  2:57  Probe (Chrono Boost)  
  35  3:05  Pylon, Probe (Chrono Boost)  
  36  3:08  Probe (Chrono Boost)  
  39  3:15  Probe (Chrono Boost)  
  39  3:18  Probe (Chrono Boost)  
  39  3:23  Robotics Facility  
  39  3:26  Probe (Chrono Boost)  
  40  3:29  Probe (Chrono Boost)  
  41  3:36  Probe (Chrono Boost)  
  41  3:39  Probe (Chrono Boost), Gateway  
  41  3:40  Gateway  
  41  3:44  Gateway  
  41  3:47  Probe (Chrono Boost)  
  41  3:48  Probe (Chrono Boost)  
  42  3:51  Assimilator  
  42  3:54  Assimilator  
  43  3:58  Probe x2  
  45  4:03  Templar Archives  
  45  4:09  Probe  
  45  4:10  Probe  
  45  4:11  Warp Prism (Chrono Boost)  
  49  4:18  Pylon  
  49  4:20  Probe  
  49  4:22  Pylon  
  50  4:25  Probe  
  52  4:42  Forge  
  52  4:43  Nexus  
  51  4:47  Pylon  
  51  4:50  Probe  
  51  4:51  Probe  
  53  5:04  High Templar x3  
  53  5:06  High Templar  
  61  5:07  Probe x2  
  63  5:15  Archon x2  
  63  5:20  Pylon  
  63  5:21  Protoss Ground Weapons Level 1 (Chrono Boost)  
  63  5:27  Gateway  
  63  5:33  Gateway  
  67  5:35  Immortal  
  67  5:38  Gateway  
  67  5:43  Probe x2  
  67  5:49  Charge (Chrono Boost)  
  69  5:57  Probe  
  69  5:58  Probe x2  
  69  6:00  Zealot x2, High Templar x2  
  80  6:04  Pylon  
  80  6:05  Archon  
  80  6:07  Probe  
  80  6:10  Probe x2  
  83  6:11  Assimilator  
  83  6:14  Assimilator  
  83  6:15  Immortal  
  83  6:18  Probe  
  87  6:22  Probe x2  
  87  6:24  Gateway  
  90  6:26  Gateway  
  90  6:28  Probe, Gateway  
  91  6:34  Probe  
  91  6:35  Zealot, High Templar x2  
  91  6:39  Pylon  
  98  6:41  Archon  
  98  6:44  Probe, Pylon  
  98  6:46  Pylon, Probe  
  99  6:47  Probe  
  101  6:55  Zealot x2, High Templar x2  
  101  6:57  Probe  
  101  6:58  Zealot  
  101  7:00  Archon  
  101  7:01  Protoss Ground Weapons Level 2 (Chrono Boost)  
  112  7:05  Pylon x2  
  112  7:08  Probe  
  113  7:09  Probe  
  113  7:11  Psionic Storm  
  114  7:19  Pylon  
  114  7:22  Pylon  
  114  7:24  Pylon  
  114  7:34  Zealot, High Templar x2  
  114  7:35  Zealot x3  
  126  7:43  High Templar  
  128  7:52  Photon Cannon, Nexus  
  128  7:57  Photon Cannon, Stalker  
  130  8:02  Photon Cannon  
  130  8:04  Pylon  
  130  8:06  Pylon  
  130  8:07  Observer (Chrono Boost)  
  130  8:11  High Templar x2  
  135  8:12  Zealot  
  135  8:15  Zealot x2  
  135  8:19  Zealot x2  
  143  8:30  High Templar  
  143  8:31  High Templar  
  143  8:33  Warp Prism (Chrono Boost)  
  143  8:34  Pylon  
  143  8:36  Pylon  
  143  8:38  Pylon  
  141  8:44  Archon  
  141  8:45  Photon Cannon, High Templar x2  
  141  8:48  Photon Cannon  
  145  8:49  Archon  
  145  8:50  Zealot x2, Photon Cannon  
  145  8:51  Zealot  
  145  8:55  Probe x3  
  153  8:58  Photon Cannon  
  154  9:03  Photon Cannon  
  154  9:10  Photon Cannon  
  154  9:12  Photon Cannon  
  154  9:17  Pylon  
  154  9:18  High Templar x2  
  154  9:19  Zealot  
  154  9:21  Zealot  
  154  9:23  Archon  
  162  9:25  Zealot x2  
  162  9:28  Zealot  
  166  9:32  High Templar x2  
  166  9:36  Archon  
  166  9:37  Zealot  
  172  9:46  Warp Prism, Assimilator  
  172  9:49  Assimilator  
  172  9:50  Photon Cannon  
  172  9:52  High Templar x2  
  178  9:53  Photon Cannon, High Templar  
  180  10:02  Zealot x3  
  176  10:14  Zealot x2  
  176  10:15  Zealot x3  
  176  10:18  Mothership Core (Chrono Boost)  
  188  10:31  Zealot x3  
  188  10:32  Zealot  
  188  10:34  Observer  
  191  10:42  Zealot x5  
  199  10:54  Pylon  
  199  10:55  Pylon  
  199  10:56  Observer  
  200  10:58  Pylon  
  200  11:00  Nexus  
  200  11:03  Pylon  
  196  11:04  Pylon  
  196  11:06  Zealot x2  
  194  11:13  Zealot x2  
  194  11:14  Zealot x2  
  194  11:17  Observer  
  194  11:18  Zealot x3  
  196  11:31  Zealot x2  
  200  11:35  Photon Cannon  
  200  11:37  Photon Cannon  
  200  11:57  Observer  
  200  12:00  Archon  
  200  12:01  Archon x2  
  192  12:04  Zealot x4  
  192  12:05  Zealot  
  200  12:10  Photon Cannon  
  200  12:11  Photon Cannon  
  200  12:13  Photon Cannon  
  200  12:15  Photon Cannon  
  200  12:25  Pylon  
  200  12:26  Pylon  
  200  12:28  Pylon  
  196  12:30  Pylon  
  196  12:32  Pylon  
  196  12:35  Zealot, Pylon  
  196  12:36  Zealot x2  
  196  12:38  Zealot x2  
Tags
 
Add a new tag
Caveats
  • Supply blocks, unpowered buildings, or Contaminate may cause inaccurate times.
  • Supply counts are checked every 10 seconds.